 Dungeon Crawl Stone Soup version 0.27-a0-1302-g7736ffe575 (webtiles) character file.

Game seed: 15367110692762681595

52 Ijustatesigmund the Skirmisher (level 3, -2/29 HPs)
             Began as a Demonspawn Fighter on June 18, 2021.
             Killed from afar by Sigmund (4 damage)
             ... with a puff of flame
             ... on level 3 of the Dungeon.
             The game lasted 00:04:33 (1334 turns).

Ijustatesigmund the Skirmisher (Demonspawn Fighter) Turns: 1334, Time: 00:04:34

Health: -2/29      AC: 14    Str: 14 (16) XL:     3   Next: 60%
Magic:  3/3        EV:  7    Int:  6 (9)  God:
Gold:   154        SH:  8    Dex: 12 (13) Spells: 2/2 levels left

rFire    + . .     SeeInvis .   a - +0 war axe
rCold    . . .     Faith    .   c - +0 kite shield
rNeg     . . .     Spirit   .   b - +0 ring mail {rF+}
rPois    .         Reflect  .   l - +2 hat
rElec    .         Harm     .   (no cloak)
rCorr    .         Rampage  .   (no gloves)
Will     .....                  g - +0 pair of boots
Stlth    +.........             (no amulet)
HPRegen  0.09/turn              (no ring)
MPRegen  0.08/turn              (no ring)

@: mighty, sanguine armoured
A: sanguine armour 1, demonic magic 1
a: no special abilities


You were on level 3 of the Dungeon.
You visited 1 branch of the dungeon, and saw 3 of its levels.

You collected 154 gold pieces.

Inventory:

Hand Weapons
 a - a +0 war axe (weapon)
Armour
 b - a +0 ring mail of fire resistance (worn)
 c - a +0 kite shield (worn)
 g - a +0 pair of boots (worn)
 l - a +2 hat (worn)
Scrolls
 f - a scroll of torment {unknown}
 h - a scroll of blinking {unknown}
 i - 2 scrolls of identify
Potions
 e - a potion of flight
 k - a potion of curing


   Skills:
 + Level 3.6 Fighting
 * Level 3.1 Axes
 - Level 2.6 Armour
 - Level 2.6 Shields


You had 2 spell levels left.
You didn't know any spells.
Your spell library contained the following spells:

 Spells                   Type           Power      Damage    Failure   Level
 Beastly Appendage        Tmut           0%         N/A       99%         1
 Wereblood                Tmut           0%         N/A       100%        2
 Spider Form              Tmut/Pois      0%         N/A       100%        3
 Ice Form                 Ice/Tmut       0%         N/A       100%        4


Dungeon Overview and Level Annotations

Branches:
Dungeon (3/15)

Altars:

Annotations:
D:3 Sigmund


Innate Abilities, Weirdness & Mutations

When seriously injured, your bleeding wounds create armour. (AC +6)
Spells you cast may paralyse adjacent enemies.


Message History

You feel weakened.
You feel dopey.
You feel clumsy. You block the kobold's attack.
Sigmund hits you but does no damage. The endoplasm barely misses you.
You block the orc's attack.
You slash the endoplasm!
You kill the endoplasm!
You slash the kobold!
You kill the kobold!
Your shield prevents you from hitting the orc.
You block Sigmund's attack. The orc closely misses you.
You slash the hobgoblin!
You kill the hobgoblin!
You hit the orc. You block the orc's attack.
Sigmund hits you but does no damage. Sigmund gestures at you while chanting.
The magic dart hits you but does no damage.
The orc closely misses you.
You hit the orc.
You kill the orc!
You block Sigmund's attack. You block Sigmund's attack.
Things that are here:
a +0 short sword; a +0 leather armour You slash Sigmund!
Sigmund is heavily wounded.
You block Sigmund's attack.
Sigmund hits you with a +2 scythe of protection.
* * * LOW HITPOINT WARNING * * *
You hit Sigmund.
Sigmund is heavily wounded.
Sigmund hits you but does no damage.
You closely miss Sigmund.
Sigmund is heavily wounded.
Sigmund hits you with a +2 scythe of protection.
* * * LOW HITPOINT WARNING * * *
You block Sigmund's attack.
You barely miss Sigmund.
Sigmund is heavily wounded.
Sigmund points at you and mumbles some strange words.
The puff of flame hits you. You resist.
You die...

......# ......# #. ..
.####... ###.# .. .##
#.# ...###. ## . ..#
#...#...... .# ..
#.###.#.#.#..##.##.##...
......#<......#.........
#†.########...#.:.......
............#..)@@......
...................>....
....#####.#####.#.#?....
....# #.# ..#.# ....
....# #.# .###.# ...
....## #.# #. .# ..
...).# #.# # ## . .....#
#.# .....####)#


You could see Sigmund.

Vanquished Creatures
  An adder (D:2)
  2 dart slugs (D:1)
  An orc (D:3)
  2 ball pythons
  6 endoplasms
  A giant cockroach (D:2)
  4 goblins
  A hobgoblin (D:3)
  4 jackals (D:2)
  A quokka (D:2)
  4 bats
  A frilled lizard (D:1)
  4 kobolds
  2 rats (D:1)
34 creatures vanquished.

Notes
Turn   | Place    | Note
-------+----------+-------------------------------------------
     0 | D:1      | Ijustatesigmund the Demonspawn Fighter began the quest for
                  | the Orb.
     0 | D:1      | Reached XP level 1. HP: 18/18 MP: 1/1
   160 | D:1      | Found a faded altar of an unknown god.
   161 | D:1      | Noticed an eye of devastation
   167 | D:1      | Gained mutation: Spells you cast may paralyse adjacent
                  | enemies. [demonic ancestry]
   167 | D:1      | Reached XP level 2. HP: 23/24 MP: 2/2
   226 | D:1      | Noticed a floating eye
   230 | D:1      | Noticed a golden eye
   354 | D:1      | Noticed a floating eye
   859 | D:2      | Gained mutation: When seriously injured, your bleeding
                  | wounds create armour. (AC +6) [demonic ancestry]
   859 | D:2      | Reached XP level 3. HP: 12/29 MP: 3/3
  1314 | D:3      | Noticed Sigmund
  1323 | D:3      | HP: 1/29 [frozen (3)]
  1334 | D:3      | Killed from afar by Sigmund

Illustrated notes

Levels and vault maps discovered:
D:1:      lemuel_arrival_room, layout_rooms,
          hellmonk_ecumenical_altar_watching_god, minmay_statues_item
D:2:      layout_basic
D:3:      layout_basic, minitemple, serial_shops, nicolae_shop_behind_doors,
          nrook_campfire, uniq_sigmund, uniq_jessica, uniq_natasha

Skill      XL: |  1  2  3 |
---------------+----------+-----
Axes           | 2 3 |  3.1
Fighting       | |  3.6
Armour         | |  2.6
Shields        | |  2.6

Action                   || total
-------------------------++-------
Melee: War axe           ||    93
  Use: Potion            ||     3
       Scroll            ||     1
Armor: Chain mail        ||    29
       Scale mail        ||     2
       Ring mail         ||    40
Dodge: Dodged            ||    28
Block: Kite shield       ||    53

Table legend: (Time is in decaauts)
 A = Elapsed time spent in this place.
 B = Non-inter-level travel time spent in this place.
 C = Inter-level travel time spent in this place.
 D = Time resting spent in this place.
 E = Time spent auto-exploring this place.
 F = Levels seen in this place.
 G = Mean time per level.
                   A        B        C        D        E       F      G
               +--------+--------+--------+--------+--------+-----+--------+
         Total |   1391 |   1333 |     58 |    190 |    856 |   3 |  463.7 |
       Dungeon |   1391 |   1333 |     58 |    190 |    856 |   3 |  463.7 |
               +--------+--------+--------+--------+--------+-----+--------+

Top non-repeatable levels by time:
     D:1: 735 daAuts
     D:2: 521 daAuts
     D:3: 134 daAuts
